 Dungeon Crawl Stone Soup version 0.31-a0-177-g4aa6249778 (webtiles) character file.

Game seed: 13636414806705652861

284 qw the Shooter (level 6, -8/57 HPs)
             Began as a Naga Hunter on June 18, 2023.
             Mangled by an iguana (11 damage)
             ... on level 3 of the Dungeon.
             The game lasted 00:01:19 (3574 turns).

qw the Shooter (Naga Hunter)                        Turns: 3574, Time: 00:01:19

Health: -8/57      AC:  4    Str: 14    XL:     6   Next: 29%
Magic:  6/6        EV:  9    Int:  9    God:
Gold:   233        SH:  5    Dex: 16    Spells: 5/5 levels left

rFire   . . .        Y - +0 shortbow
rCold   . . .        (shield currently unavailable)
rNeg    . . .        c - +0 leather armour
rPois   +            a - +0 helmet
rElec   .            (no cloak)
rCorr   .            (no gloves)
SInv    +            (no barding)
Will    .....        h - amulet of reflection
Stlth   ++           (no ring)
HPRegen 0.29/turn    (no ring)
MPRegen 0.10/turn

%: reflection
@: very slow
A: AC +2, large, see invisible, deformed body, poison resistance, slowness 2,
spit poison 1, naga tail 1
a: Spit Poison


You were on level 3 of the Dungeon.
You visited 1 branch of the dungeon, and saw 4 of its levels.
You also visited: Sewer.

You collected 233 gold pieces.


Innate Abilities, Weirdness & Mutations

Your serpentine skin is tough. (AC +2)
You have supernaturally acute eyesight. (SInv)
Armour fits poorly on your strangely shaped body.
Your system is resistant to poisons. (rPois)
You cover ground very slowly.
You can spit poison.
You have a snake-like lower body.


   Skills:
 + Level 3.8 Fighting
 - Level 6.0 Ranged Weapons
 - Level 1.5 Dodging
 - Level 1.5 Stealth


You had 5 spell levels left.
You didn't know any spells.
Your spell library was empty.

Inventory:

Hand Weapons
 Y - a +0 shortbow (weapon)
Armour
 a - a +0 helmet (worn)
 c - a +0 leather armour (worn)
Jewellery
 h - an amulet of reflection (around neck)
Scrolls
 j - a scroll of identify
Potions
 b - 5 potions of enlightenment
 d - a potion of curing
 e - a potion of haste
 f - a potion of mutation {unknown}
 g - a potion of berserk rage {unknown}

Dungeon Overview and Level Annotations

Branches:
Dungeon (4/15)              Sewer (visited)
 Temple: D:4-7

Altars:
Kikubaaqudgha

Shops:
D:3 =


Message History

You kill the hound!
You shoot an arrow. The arrow hits the iguana.
The iguana is lightly wounded.
The iguana bites you!
3568 ||| STAIRDANCE The iguana bites you!
The ufetubus hits you but does no damage.
The ufetubus closely misses you.
You climb upwards.
You have got your breath back.
There is a stone staircase leading down here.
3570 ||| INVOKING Spit Poison.
Aiming: Spit Poison (1% risk of failure)
Press: ? - help, Shift-Dir - straight line, f - iguana The splash of poison hits the iguana.
The iguana is poisoned.
The iguana is moderately wounded.
The ufetubus hits you. The ufetubus barely misses you.
The iguana barely misses you. You block the ufetubus's attack.
The ufetubus hits you but does no damage.
You shoot an arrow. The arrow hits the iguana.
The iguana is heavily wounded.
The iguana bites you! The ufetubus hits you. The ufetubus barely misses you.
You shoot an arrow. The arrow barely misses the iguana.
The ufetubus closely misses you. The ufetubus misses you. The iguana bites you!
The ufetubus barely misses you.
The ufetubus hits you but does no damage.
The iguana bites you!
You shoot an arrow. The arrow hits the iguana.
The iguana is severely wounded.
The ufetubus barely misses you.
The ufetubus hits you but does no damage.
You block the iguana's attack.
You shoot an arrow. The arrow hits the iguana.
The iguana is almost dead.
You have got your breath back.
You block the ufetubus's attack. The ufetubus barely misses you.
You block the ufetubus's attack.
The ufetubus hits you but does no damage.
The iguana bites you!
You die...

#......... #.########
#.#.......
################.#...<...
#..............#.###.#.##
#..............#...#.....
#................#.#.#.##
############'###.#.#.#.#
#@l...........#.##
#######.5##.###.#.....#.
#.........#...#.#######.
#.#####(..###.#.# #.....
#.##............# #.###.
#.##.#.....##.### #.# #.
#.##.#..#.......# #.###.
######[##.#..#.....#.# #[##..
#......##.#..#.......###.##..


You could see an iguana (poisoned) and an ufetubus.

Vanquished Creatures
  A hound (D:4)
  9 adders
  5 river rats
  7 worms
  4 orcs
  13 ball pythons
  4 endoplasms
  8 giant cockroaches
  2 goblins
  9 hobgoblins
  8 jackals
  6 kobolds
  3 quokkas
  14 bats
  5 frilled lizards
  6 rats
104 creatures vanquished.

Notes
Turn   | Place    | Note
-------+----------+-------------------------------------------
     0 | D:1      | qw the Naga Hunter began the quest for the Orb.
     0 | D:1      | Reached XP level 1. HP: 19/19 MP: 1/1
     0 | D:1      | 0 ||| qw: Version: 0.3-a-5-g6f28e65
     0 | D:1      | 0 ||| qw: Game counter: 582
     0 | D:1      | 0 ||| qw: Always use a shield: true
     0 | D:1      | 0 ||| qw: God list: Okawaru
     0 | D:1      | 0 ||| qw: Allow faded altars: false
     0 | D:1      | 0 ||| qw: Do Orc after D:15 true
     0 | D:1      | 0 ||| qw: Do second Lair branch before Depths: true
     0 | D:1      | 0 ||| qw: Lair rune preference: random
     0 | D:1      | 0 ||| qw: Plans: Normal
     0 | D:1      | 0 ||| PLANNING D:1-11
    51 | D:1      | 51 ||| INVOKING Spit Poison.
    80 | D:1      | 80 ||| INVOKING Spit Poison.
   105 | D:1      | 105 ||| INVOKING Spit Poison.
   137 | D:1      | 137 ||| INVOKING Spit Poison.
   171 | D:1      | Reached skill level 4 in Ranged Weapons
   171 | D:1      | Reached XP level 2. HP: 26/26 MP: 2/2
   188 | D:1      | 188 ||| INVOKING Spit Poison.
   194 | D:1      | 194 ||| INVOKING Spit Poison.
   220 | D:1      | 220 ||| INVOKING Spit Poison.
   312 | D:1      | 312 ||| INVOKING Spit Poison.
   319 | D:1      | 319 ||| INVOKING Spit Poison.
   373 | D:1      | 373 ||| INVOKING Spit Poison.
   486 | D:1      | 486 ||| INVOKING Spit Poison.
   496 | D:1      | 496 ||| INVOKING Spit Poison.
   505 | D:1      | 505 ||| INVOKING Spit Poison.
   508 | D:1      | 508 ||| INVOKING Spit Poison.
   509 | D:1      | 509 ||| INVOKING Spit Poison.
   562 | D:1      | 562 ||| INVOKING Spit Poison.
   568 | D:1      | 568 ||| INVOKING Spit Poison.
   569 | D:1      | Reached XP level 3. HP: 32/32 MP: 3/3
   575 | D:1      | 575 ||| INVOKING Spit Poison.
   719 | D:1      | 719 ||| UPGRADING to amulet of reflection.
   724 | D:1      | 724 ||| READING scroll labelled ECWUJY OSUAWN.
   725 | D:1      | 725 ||| READING scroll labelled TEUNAL CAAWKOPTE.
   729 | D:1      | 729 ||| DRINKING 2 coppery potions.
   730 | D:1      | 730 ||| DROPPING scroll of butterflies.
   756 | D:2      | 756 ||| INVOKING Spit Poison.
   779 | D:2      | 779 ||| INVOKING Spit Poison.
   840 | D:2      | 840 ||| INVOKING Spit Poison.
   852 | D:2      | 852 ||| INVOKING Spit Poison.
   862 | D:2      | 862 ||| INVOKING Spit Poison.
   948 | D:2      | 948 ||| INVOKING Spit Poison.
  1089 | D:2      | 1089 ||| INVOKING Spit Poison.
  1097 | D:2      | 1097 ||| INVOKING Spit Poison.
  1110 | D:2      | 1110 ||| INVOKING Spit Poison.
  1154 | D:2      | 1154 ||| INVOKING Spit Poison.
  1502 | D:2      | 1502 ||| INVOKING Spit Poison.
  1783 | D:2      | 1783 ||| UPGRADING to +0 helmet.
  1788 | D:2      | 1788 ||| READING scroll labelled LAWEEM MAMUIR.
  1789 | D:2      | 1789 ||| READING scroll labelled ITOBEZ GAZOPI.
  1845 | D:3      | 1845 ||| PLANNING SEWER
  1845 | D:3      | 1845 ||| INVOKING Spit Poison.
  1846 | D:3      | 1846 ||| INVOKING Spit Poison.
  1851 | D:3      | 1851 ||| STAIRDANCE
  1853 | D:2      | 1853 ||| INVOKING Spit Poison.
  1897 | D:3      | 1897 ||| INVOKING Spit Poison.
  1898 | D:3      | Reached skill level 5 in Ranged Weapons
  1917 | D:3      | 1917 ||| INVOKING Spit Poison.
  1919 | D:3      | Reached XP level 4. HP: 34/39 MP: 4/4
  1941 | D:3      | 1941 ||| INVOKING Spit Poison.
  1944 | D:3      | 1944 ||| INVOKING Spit Poison.
  2025 | D:3      | 2025 ||| INVOKING Spit Poison.
  2031 | D:3      | 2031 ||| INVOKING Spit Poison.
  2042 | D:3      | 2042 ||| INVOKING Spit Poison.
  2051 | D:3      | 2051 ||| INVOKING Spit Poison.
  2071 | D:3      | 2071 ||| INVOKING Spit Poison.
  2077 | D:3      | 2077 ||| INVOKING Spit Poison.
  2101 | D:3      | Found an ancient bone altar of Kikubaaqudgha.
  2114 | D:3      | 2114 ||| INVOKING Spit Poison.
  2117 | D:3      | Found Dirchee's Jewellery Boutique.
  2125 | D:3      | 2125 ||| SHOPLISTING +6 ring of dexterity (360 gold, have
                  | 197).
  2125 | D:3      | 2125 ||| SHOPLISTING ring of positive energy (200 gold,
                  | have 197).
  2125 | D:3      | 2125 ||| SHOPLISTING ring of the Middle {*Corrode rElec
                  | Will+ Str+6} (460 gold, have 197).
  2144 | D:3      | Found a glowing drain.
  2146 | D:3      | 2146 ||| INVOKING Spit Poison.
  2147 | D:3      | 2147 ||| READING scroll labelled ICRAF JUGAEDE.
  2152 | D:3      | 2152 ||| INVOKING Spit Poison.
  2155 | D:3      | 2155 ||| READING scroll labelled MUPES INETS.
  2156 | D:3      | 2156 ||| READING scroll labelled GUSASHRI ELA.
  2165 | Sewer    | Entered a sewer
  2172 | Sewer    | 2172 ||| INVOKING Spit Poison.
  2174 | Sewer    | Reached skill level 3 in Fighting
  2187 | Sewer    | 2187 ||| INVOKING Spit Poison.
  2194 | Sewer    | 2194 ||| INVOKING Spit Poison.
  2205 | Sewer    | 2205 ||| INVOKING Spit Poison.
  2210 | Sewer    | 2210 ||| INVOKING Spit Poison.
  2215 | Sewer    | 2215 ||| INVOKING Spit Poison.
  2219 | Sewer    | 2219 ||| INVOKING Spit Poison.
  2224 | Sewer    | 2224 ||| INVOKING Spit Poison.
  2224 | Sewer    | HP: 9/42 [poisoned by an adder]
  2227 | Sewer    | HP: 4/42 [poisoned by an adder]
  2228 | Sewer    | Reached XP level 5. HP: 5/49 MP: 5/5
  2434 | Sewer    | 2434 ||| INVOKING Spit Poison.
  2461 | Sewer    | 2461 ||| INVOKING Spit Poison.
  2467 | Sewer    | 2467 ||| INVOKING Spit Poison.
  2470 | Sewer    | 2470 ||| INVOKING Spit Poison.
  2476 | Sewer    | 2476 ||| INVOKING Spit Poison.
  2487 | Sewer    | 2487 ||| INVOKING Spit Poison.
  2516 | Sewer    | 2516 ||| INVOKING Spit Poison.
  2522 | Sewer    | 2522 ||| INVOKING Spit Poison.
  2529 | Sewer    | 2529 ||| INVOKING Spit Poison.
  2532 | Sewer    | HP: 10/49 [river rat (5)]
  2534 | Sewer    | 2534 ||| INVOKING Spit Poison.
  2696 | Sewer    | 2696 ||| INVOKING Spit Poison.
  2699 | Sewer    | 2699 ||| INVOKING Spit Poison.
  2770 | Sewer    | 2770 ||| INVOKING Spit Poison.
  2776 | Sewer    | 2776 ||| INVOKING Spit Poison.
  2801 | Sewer    | 2801 ||| INVOKING Spit Poison.
  2807 | Sewer    | 2807 ||| INVOKING Spit Poison.
  2812 | Sewer    | 2812 ||| INVOKING Spit Poison.
  2819 | Sewer    | 2819 ||| INVOKING Spit Poison.
  2820 | Sewer    | Reached skill level 6 in Ranged Weapons
  2853 | Sewer    | 2853 ||| INVOKING Spit Poison.
  2854 | Sewer    | 2854 ||| INVOKING Spit Poison.
  2857 | Sewer    | Reached XP level 6. HP: 56/56 MP: 6/6
  2858 | Sewer    | 2858 ||| INVOKING Spit Poison.
  2861 | Sewer    | 2861 ||| INVOKING Spit Poison.
  2866 | Sewer    | 2866 ||| INVOKING Spit Poison.
  2873 | Sewer    | 2873 ||| INVOKING Spit Poison.
  2879 | Sewer    | 2879 ||| INVOKING Spit Poison.
  2885 | Sewer    | 2885 ||| INVOKING Spit Poison.
  2892 | Sewer    | 2892 ||| INVOKING Spit Poison.
  2904 | Sewer    | 2904 ||| INVOKING Spit Poison.
  3214 | Sewer    | 3214 ||| READING scroll labelled TIARGH AL MYTT.
  3215 | Sewer    | 3215 ||| READING scroll labelled TUTO RI IBE.
  3238 | D:3      | 3238 ||| PLANNING D:1-11
  3476 | D:3      | 3476 ||| INVOKING Spit Poison.
  3479 | D:3      | 3479 ||| INVOKING Spit Poison.
  3547 | D:3      | 3547 ||| READING 2 scrolls of identify.
  3547 | D:3      | 3547 ||| IDENTIFYING emerald potion
  3560 | D:4      | 3560 ||| INVOKING Spit Poison.
  3563 | D:4      | 3563 ||| INVOKING Spit Poison.
  3568 | D:4      | 3568 ||| STAIRDANCE
  3570 | D:3      | 3570 ||| INVOKING Spit Poison.
  3572 | D:3      | HP: 12/57 [iguana (7)]
  3572 | D:3      | HP: 2/57 [iguana (10)]
  3574 | D:3      | Mangled by an iguana

Levels and vault maps discovered:
D:1:      lemuel_arrival_muddy, layout_loops_cross
D:2:      layout_basic
D:3:      layout_basic, mainiacjoe_overflow_alcove_2, serial_shops, shop,
          portal_sewer_entry_a, minmay_pentomino_pile
D:4:      cheibrodos_old_hovel, layout_rooms, cheibriados_altar_1,
          mainiacjoe_overflow_small_starburst, temple_statues

Skill      XL: |  1  2  3  4  5 |
---------------+----------------+-----
Ranged Weapons | 4 5 6 |  6.0
Fighting       | 3 |  3.8
Dodging        | |  1.5
Stealth        | |  1.5

Action                     |  1- 3 |  4- 6 || total
---------------------------+-------+-------++-------
   Fire: Shortbow          |    79 |   156 ||   235
Ability: Spit Poison       |    32 |    51 ||    83
    Use: Scroll            |     4 |     6 ||    10
         Potion            |     1 |       ||     1
 Armour: Leather armour    |     5 |    60 ||    65
  Dodge: Dodged            |    15 |    90 ||   105
  Block: Other             |     3 |    43 ||    46

Table legend:
 A = Non-vault XP
 B = Vault XP
 C = Vault XP percentage of total XP
 D = Non-vault monster count
 E = Vault monster count
 F = Vault count percentage of total count
                 A         B        C        D         E       F
            +---------+---------+-------+---------+---------+-------
      Total |     145 |     261 |  64.3 |      54 |      50 |  48.1
            +---------+---------+-------+---------+---------+-------
        D:1 |      35 |       0 |   0.0 |      24 |       0 |   0.0
        D:2 |      43 |       0 |   0.0 |      19 |       0 |   0.0
        D:3 |      22 |      40 |  64.5 |      10 |       9 |  47.4
        D:4 |      45 |       0 |   0.0 |       1 |       0 |   0.0
      Sewer |       0 |     221 | 100.0 |       0 |      41 | 100.0
            +---------+---------+-------+---------+---------+-------
